[Event "*** SCC Grand Prix: Titled Tuesday Blitz"]
[Site "Chess.com"]
[Date "2020.06.02"]
[Round "10"]
[White "Sethu0025"]
[Black "Borsuk_Konstantin"]
[Result "1/2-1/2"]
[WhiteElo "2769"]
[BlackElo "2560"]
[TimeControl "180+1"]
[EndTime "11:56:18 PDT"]
[Termination "Game drawn by repetition"]

1. e4 e6 2. d4 d5 3. Nc3 Bb4 4. exd5 exd5 5. Bd3 Nf6 6. Ne2 Nc6 7. Bg5 h6 8. Bh4 g5 9. Bg3 Nh5 10. a3 Be7 11.
Qd2 a6 12. O-O-O b5 13. Na2 Rb8 14. Qc3 Nxg3 15. hxg3 Rb6 16. b4 Kf8 17. f3 Qd6 18. g4 a5 19. Qc5 Qe6 20. Qc3 axb4 21. axb4 Qd6 22. Qc5 Qe6 23. Qc3 Qd6 24. Qc5 Qe6 25. Qc3 1/2-1/2

[Event "*** SCC Grand Prix: Titled Tuesday Blitz"]
[Site "Chess.com"]
[Date "2020.06.02"]
[Round "10"]
[White "VALPARAISO37"]
[Black "AungTZ"]
[Result "0-1"]
[WhiteElo "2348"]
[BlackElo "1984"]
[TimeControl "180+1"]
[EndTime "11:56:21 PDT"]
[Termination "AungTZ won by checkmate"]

1. d4 Nf6 2. c4 e6 3. Nc3 Bb4 4. a3 Bxc3+ 5. bxc3 c5 6. e3 O-O 7. Bd3 d6 8. e4 e5 9. Ne2 h6 10. f3 Nc6 11. Be3 b6 12. Ng3 cxd4 13. cxd4 exd4 14. Bc1 Re8 15. O-O Be6 16. a4 Rc8 17. Bb2 Nd7 18. f4 f6 19. Kh1 Nc5 20. Re1 Nb4 21. Bf1 d3 22. Rc1 Nc2 23. Rxc2 dxc2 24. Qxc2 Qd7 25.
Ra1 Bf7 26. a5 bxa5 27. Rxa5 Rb8 28. Bc3 Bg6 29. f5 Bf7 30. h3 Qb7 31. Qa2 Qb1 32. Rxa7 Nxe4 33. Nxe4 Qxf1+ 34. Kh2 Rxe4 35. Bd2 Re2 36.
Kg3 Qxg2+ 37. Kh4 Re4+ 38. Bf4 Rxf4# 0-1

[Event "*** SCC Grand Prix: Titled Tuesday Blitz"]
[Site "Chess.com"]
[Date "2020.06.02"]
[Round "10"]
[White "AttilaTurzo"]
[Black "Khvicha_Supatashvili"]
[Result "1-0"]
[WhiteElo "2501"]
[BlackElo "2698"]
[TimeControl "180+1"]
[EndTime "11:56:24 PDT"]
[Termination "AttilaTurzo won by checkmate"]

1. e4 c6 2. d4 d5 3. Nc3 dxe4 4. Nxe4 Bf5 5. Ng3 Bg6 6. h3 Nf6 7. Nf3 Nbd7 8. Nh4 e6 9. Nxg6 hxg6 10. c3 Bd6 11. Qf3 Qc7 12. Ne4 Nxe4 13. Qxe4 Nf6 14.
Qf3 e5 15. dxe5 Bxe5 16. Bd2 O-O-O 17. O-O-O Rh4 18. Kb1 Ra4 19. Bc1 Rxd1 20. Qxd1 Qa5 21. b4 Nd5 22. bxa5 Nxc3+ 23. Kc2 Nxd1 24. Kxd1 Rxa2 25.
Bc4 Rxf2 26. Rf1 Rxg2 27. Rxf7 a6 28. Be3 Bc7 29. Be6+ Kd8 30. Bc5 Bxa5 31. Rf8+ Kc7 32. Rc8# 1-0

[Event "*** SCC Grand Prix: Titled Tuesday Blitz"]
[Site "Chess.com"]
[Date "2020.06.02"]
[Round "10"]
[White "Anton_Demchenko"]
[Black "WPWPWP-2015"]
[Result "1-0"]
[WhiteElo "2807"]
[BlackElo "2378"]
[TimeControl "180+1"]
[EndTime "11:56:25 PDT"]
[Termination "Anton_Demchenko won by resignation"]

1. d4 Nf6 2. Nf3 d5 3. Bf4 Bf5 4. c4 e6 5. Qb3 Qc8 6. e3 c6 7. Nc3 Nbd7 8. Nh4 Bg4 9. h3 Bh5 10. g4 Bg6 11. Rc1 dxc4 12. Bxc4 Nb6 13. Be2 Qd7 14.
g5 Nfd5 15. Bg3 Nxc3 16. bxc3 Be7 17. Nxg6 hxg6 18. f4 Qd5 19. Kf2 Qxb3 20. axb3 a6 21. h4 Rd8 22. h5 gxh5 23. Bxh5 g6 24. Bf3 Kd7 25. c4 Nc8 26. Ke2 Nd6 27. e4 Rde8 28.
Kd3 Bd8 29. Bf2 Bc7 30. e5 Nf5 31. d5 Bd8 32. d6 Reg8 33. b4 Re8 34. b5 axb5 35.
cxb5 Rxh1 36. bxc6+ bxc6 37. Bxc6+ 1-0

[Event "*** SCC Grand Prix: Titled Tuesday Blitz"]
[Site "Chess.com"]
[Date "2020.06.02"]
[Round "10"]
[White "fabianvivasz"]
[Black "jonaszmb"]
[Result "0-1"]
[WhiteElo "2279"]
[BlackElo "2435"]
[TimeControl "180+1"]
[EndTime "11:56:25 PDT"]
[Termination "jonaszmb won on time"]

1. e4 c5 2. Nc3 a6 3. Nf3 d6 4.
d4 cxd4 5. Nxd4 Nf6 6. h3 g6 7. Be3 Bg7 8. Qd2 Nc6 9. O-O-O Bd7 10. g4 Rc8 11. g5 Nh5 12. Be2 Ne5 13. Bxh5 Nc4 14.
Qd3 gxh5 15. Nd5 b5 16. c3 e6 17. Nf4 b4 18. Nxh5 Be5 19. f4 bxc3 20. fxe5 dxe5 0-1

[Event "*** SCC Grand Prix: Titled Tuesday Blitz"]
[Site "Chess.com"]
[Date "2020.06.02"]
[Round "10"]
[White "Michaelson_11"]
[Black "fridaywins"]
[Result "1/2-1/2"]
[WhiteElo "2029"]
[BlackElo "2223"]
[TimeControl "180+1"]
[EndTime "11:56:26 PDT"]
[Termination "Game drawn by repetition"]

1. e4 e5 2. Nf3 Nc6 3. Nc3 Nf6 4.
Bb5 Bc5 5. O-O d6 6. d4 exd4 7.
Nxd4 Bd7 8. Nxc6 bxc6 9. Bc4 Be6 10. Bxe6 fxe6 11. Kh1 e5 12. f4 exf4 13. Bxf4 O-O 14.
Qd3 Qe7 15. Rae1 Nd7 16. Qg3 Bd4 17. h3 Be5 18. Nd1 Bxf4 19. Rxf4 Rxf4 20. Qxf4 Rf8 21. Qe3 Qh4 22. Rg1 Ne5 23. Qxa7 Nf3 24. Rf1 Qg3 25. gxf3 Qxh3+ 26. Kg1 Qg3+ 27. Kh1 Qh3+ 28. Kg1 Qg3+ 29.
Kh1 Qh3+ 1/2-1/2

[Event "*** SCC Grand Prix: Titled Tuesday Blitz"]
[Site "Chess.com"]
[Date "2020.06.02"]
[Round "10"]
[White "Grandmaster2B"]
[Black "Shivagami"]
[Result "1-0"]
[WhiteElo "2429"]
[BlackElo "2268"]
[TimeControl "180+1"]
[EndTime "11:56:27 PDT"]
[Termination "Grandmaster2B won by resignation"]

1. e4 c5 2. Nf3 d6 3. d4 cxd4 4. Nxd4 Nf6 5. Nc3 a6 6. f3 e5 7. Nb3 Be6 8. Be3 Be7 9. Qd2 b5 10. O-O-O Nc6 11. g4 O-O 12. h4 Rc8 13. h5 Nb4 14.
Kb1 d5 15. g5 d4 16. gxf6 Bxf6 17. Nxd4 exd4 18. Bxd4 Bxd4 19. Qxd4 Qa5 20. a3 Nc6 21. Qc5 Rfd8 22. Rxd8+ Qxd8 23. Nd5 Nd4 24. Qxd4 f5 25. Rg1 1-0

[Event "*** SCC Grand Prix: Titled Tuesday Blitz"]
[Site "Chess.com"]
[Date "2020.06.02"]
[Round "10"]
[White "TERMINATOR_PC"]
[Black "attack2mateU"]
[Result "0-1"]
[WhiteElo "2480"]
[BlackElo "2702"]
[TimeControl "180+1"]
[EndTime "11:56:29 PDT"]
[Termination "attack2mateU won by checkmate"]

1. e4 c5 2. Nc3 d6 3. g3 Nc6 4. Bg2 g6 5. d3 Bg7 6. Be3 Rb8 7. Qd2 b5 8. Nge2 b4 9. Nd1 e6 10. O-O a5 11. f4 Nge7 12. f5 exf5 13. Bh6 O-O 14.
Bxg7 Kxg7 15. exf5 Bxf5 16. Rxf5 gxf5 17. Ne3 Nd4 18. Nf4 Ng6 19. Rf1 Nxf4 20. Rxf4 Re8 21. c3 bxc3 22. bxc3 Qe7 23. Re4 fxe4 24. cxd4 Rb1+ 25.
Bf1 Qf6 26. Kg2 cxd4 27. Ng4 Qxf1# 0-1

[Event "*** SCC Grand Prix: Titled Tuesday Blitz"]
[Site "Chess.com"]
[Date "2020.06.02"]
[Round "10"]
[White "frankshar"]
[Black "Twiceblessed"]
[Result "1-0"]
[WhiteElo "2391"]
[BlackElo "2504"]
[TimeControl "180+1"]
[EndTime "11:56:30 PDT"]
[Termination "frankshar won by resignation"]

1. e4 c5 2. d4 cxd4 3. Nf3 d6 4. Nxd4 Nf6 5. Nc3 a6 6. g3 e5 7. Nde2 b5 8. Bg2 Be7 9. Nd5 Nxd5 10. Qxd5 Ra7 11. Be3 Be6 12. Qd2 Rb7 13. O-O O-O 14. f4 Nc6 15. f5 Bc4 16. Rad1 h6 17. h3 Qa5 18. c3 Qxa2 19. f6 Bxf6 20. Rxf6 gxf6 21.
Bxh6 Bxe2 22. Qxe2 Ne7 23. Qg4+ Ng6 24. Bxf8 Kxf8 25.
Qc8+ Kg7 26. Qxb7 Qxb2 27. Qxa6 Qxc3 28. Kh2 b4 29. Qxd6 b3 30. Qd3 Qb4 31. Rb1 b2 32. Qc2 1-0

[Event "*** SCC Grand Prix: Titled Tuesday Blitz"]
[Site "Chess.com"]
[Date "2020.06.02"]
[Round "10"]
[White "colegiodemadrid"]
[Black "deribas12345"]
[Result "0-1"]
[WhiteElo "2375"]
[BlackElo "2549"]
[TimeControl "180+1"]
[EndTime "11:56:34 PDT"]
[Termination "deribas12345 won by resignation"]

1. d4 Nf6 2. c4 c5 3. d5 b5 4. cxb5 a6 5. f3 d6 6. e4 g6 7.
Ne2 Bg7 8. Nec3 O-O 9. Na3 e6 10. Bc4 exd5 11. Bxd5 Nxd5 12. Qxd5 Ra7 13. O-O Bd4+ 14.
Kh1 Be6 15. Qg5 f6 16. Qg3 Qa5 17. Qxd6 Bf7 18. Nd5 Rd8 19. Nc4 Rxd6 20. Nxa5 Bxd5 21. exd5 axb5 22. Bf4 Rxd5 23. Nb3 Nc6 24. Nxd4 cxd4 25.
a3 d3 26. Rac1 Nd4 27. Rfd1 Ne2 28. Rc8+ Kg7 29. Be3 Re7 30. Bf2 Nf4 31. g3 Re2 32. Ba7 d2 33. Rc7+ Kh6 34. Be3 Rxe3 0-1

[Event "*** SCC Grand Prix: Titled Tuesday Blitz"]
[Site "Chess.com"]
[Date "2020.06.02"]
[Round "10"]
[White "Lenyas66"]
[Black "Spartakus1975"]
[Result "0-1"]
[WhiteElo "2538"]
[BlackElo "2696"]
[TimeControl "180+1"]
[EndTime "11:56:36 PDT"]
[Termination "Spartakus1975 won by resignation"]

1. e4 e6 2. d4 d5 3. Nd2 c5 4. Ngf3 Nc6 5. Bb5 a6 6. Bxc6+ bxc6 7. c4 Nf6 8. e5 Nd7 9. O-O cxd4 10. Re1 Bb7 11.
Nxd4 c5 12. N4f3 Be7 13. cxd5 exd5 14. Qa4 O-O 15. Qg4 Re8 16. Nf1 Nf8 17. Ng3 Ng6 18. Nf5 Bf8 19. h4 Bc8 20. h5 Qd7 21. hxg6 Qxf5 22. gxf7+ Qxf7 23. Qg3 Bf5 24. Bf4 h6 25.
Bxh6 Rab8 26. b3 Rb4 27. Bf4 Be6 28. Bd2 Rg4 29. Qh2 Qxf3 30. g3 d4 31. Qh5 Rxg3+ 0-1

[Event "*** SCC Grand Prix: Titled Tuesday Blitz"]
[Site "Chess.com"]
[Date "2020.06.02"]
[Round "10"]
[White "Funkmaus"]
[Black "kudesnik84"]
[Result "0-1"]
[WhiteElo "2202"]
[BlackElo "2354"]
[TimeControl "180+1"]
[EndTime "11:56:36 PDT"]
[Termination "kudesnik84 won by resignation"]

1. d4 g6 2. Nf3 Bg7 3. g3 d6 4. Bg2 Nf6 5. O-O O-O 6. c3 Nbd7 7. Nbd2 e5 8. dxe5 dxe5 9. Nc4 e4 10. Nd4 Re8 11. b3 Nb6 12. Ne3 c6 13. Bb2 h5 14.
c4 h4 15. c5 Nbd5 16. Nc4 hxg3 17. hxg3 Ng4 18. e3 Qg5 19. Nd6 Qh5 20. Re1 Qh2+ 21. Kf1 Ngxe3+ 22. fxe3 Bh3 23. Bxh3 Qxh3+ 24. Kf2 Qh2+ 25.
Kf1 Qxb2 26. Nxe8 Rxe8 27. Qe2 Nxe3+ 28. Qxe3 Bxd4 29. Qe2 Qxe2+ 30. Rxe2 Bxa1 0-1

[Event "*** SCC Grand Prix: Titled Tuesday Blitz"]
[Site "Chess.com"]
[Date "2020.06.02"]
[Round "10"]
[White "gross-aleks"]
[Black "nihalsarin"]
[Result "0-1"]
[WhiteElo "2585"]
[BlackElo "2981"]
[TimeControl "180+1"]
[EndTime "11:56:37 PDT"]
[Termination "nihalsarin won by resignation"]

1. c4 g6 2. Nc3 Bg7 3. g3 b6 4. Bg2 c6 5. e4 Bb7 6. d4 e6 7. h4 h6 8. Nf3 Ne7 9. O-O d5 10. Be3 O-O 11. exd5 cxd5 12. Ne5 Nbc6 13. cxd5 exd5 14. Nxc6 Bxc6 15. Qb3 Qd7 16. Rad1 Rad8 17.
Bf4 Nf5 18. Be5 Rfe8 19. Rfe1 f6 20. Bf4 Rxe1+ 21. Rxe1 Nxd4 22. Qd1 Ne6 23. Bd2 f5 24. Qc1 d4 25. Bxc6 Qxc6 26. Ne2 Qxc1 27. Nxc1 Kf7 28. Nd3 Rc8 29. Rc1 Rxc1+ 30. Bxc1 Nc5 31. Nxc5 bxc5 32. b3 Ke6 33. Kf1 Kd5 34. Ke2 c4 35. bxc4+ Kxc4 36. f3 d3+ 37. Kd1 h5 38. Bf4 Bc3 39. Bc7 a6 40.
Bd6 Kd5 41. Be7 Be5 42. Kd2 Kc4 0-1

[Event "*** SCC Grand Prix: Titled Tuesday Blitz"]
[Site "Chess.com"]
[Date "2020.06.02"]
[Round "10"]
[White "124chess"]
[Black "zaur-mammadov"]
[Result "0-1"]
[WhiteElo "2728"]
[BlackElo "2614"]
[TimeControl "180+1"]
[EndTime "11:56:38 PDT"]
[Termination "zaur-mammadov won by resignation"]

1. d4 d5 2. Nf3 Nf6 3. c3 c5 4. dxc5 Nc6 5. b4 a5 6. b5 Na7 7. a4 Bg4 8. e3 e5 9. Ba3 e4 10. h3 Bh5 11. g4 Nxg4 12. hxg4 Bxg4 13. Nbd2 exf3 14. Nxf3 Qf6 15. Be2 Bxc5 16. Bxc5 Qxc3+ 17. Kf1 Qxc5 18. Rc1 Qa3 19. Rc7 O-O 20. Ne5 Bxe2+ 21. Qxe2 Qa1+ 22. Kg2 Qxe5 23. Rxb7 Nc8 24. Rh5 Qe4+ 25.
Qf3 Nd6 26. Rxd5 Qxf3+ 27. Kxf3 Nxb7 0-1

[Event "*** SCC Grand Prix: Titled Tuesday Blitz"]
[Site "Chess.com"]
[Date "2020.06.02"]
[Round "10"]
[White "Terao90"]
[Black "blitzking1729"]
[Result "0-1"]
[WhiteElo "2310"]
[BlackElo "2477"]
[TimeControl "180+1"]
[EndTime "11:56:40 PDT"]
[Termination "blitzking1729 won on time"]

1. e4 d6 2. Nc3 Nf6 3. d4 e5 4. Nf3 Nbd7 5. Bc4 Be7 6. O-O O-O 7. Re1 c6 8. a4 Qc7 9. a5 Rb8 10. b3 b5 11. axb6 axb6 12. d5 b5 13. dxc6 bxc4 14. cxd7 Bxd7 15. Bg5 cxb3 16. Bxf6 Bxf6 17. Nd5 Qxc2 18.
Nxf6+ gxf6 19. Qxd6 Be6 20. Qe7 Kg7 21. Rac1 Rfe8 22.
Qa7 Qa2 23. Qe3 Rec8 24. Ra1 Qc2 25. Nd2 Rc3 0-1

[Event "*** SCC Grand Prix: Titled Tuesday Blitz"]
[Site "Chess.com"]
[Date "2020.06.02"]
[Round "10"]
[White "JozefKneht"]
[Black "ferdipy"]
[Result "0-1"]
[WhiteElo "2488"]
[BlackElo "2377"]
[TimeControl "180+1"]
[EndTime "11:56:42 PDT"]
[Termination "ferdipy won by checkmate"]

1. e4 e6 2. d4 d5 3. Nc3 Bb4 4. e5 c5 5. a3 Bxc3+ 6. bxc3 Ne7 7. Qg4 Qc7 8. Qxg7 Rg8 9. Qxh7 cxd4 10. Kd1 dxc3 11. Nf3 Nbc6 12. Ng5 Rf8 13. f4 Bd7 14. Bd3 Qb6 15. Qh5 O-O-O 16. Nxf7 Be8 17. Nd6+ Rxd6 18. Qe2 Rd8 19. g4 Ng6 20. Rf1 d4 21. Qe1 Qc5 22. h4 Nge7 23. h5 Nd5 24. Rb1 Ne3+ 25. Bxe3 dxe3 26. Rb5 Qd4 27. Qg3 a6 28. Rb3 Nxe5 29.
Rb4 Qc5 30. Ke2 Nxd3 31. cxd3 Bb5 32. Rd1 c2 33. Rc1 Bxd3+ 34. Ke1 Qc3# 0-1

[Event "*** SCC Grand Prix: Titled Tuesday Blitz"]
[Site "Chess.com"]
[Date "2020.06.02"]
[Round "10"]
[White "Gyapiking"]
[Black "manmanlai1"]
[Result "1-0"]
[WhiteElo "2509"]
[BlackElo "2366"]
[TimeControl "180+1"]
[EndTime "11:56:45 PDT"]
[Termination "Gyapiking won by resignation"]

1. c4 e6 2. g3 d5 3. Bg2 Nf6 4. Nf3 Be7 5. O-O O-O 6. b3 b6 7.
Bb2 c6 8. e3 Bb7 9. Nc3 Nbd7 10. Qe2 Rc8 11. d4 Qc7 12. Rfd1 Rfd8 13. Rac1 Qb8 14.
e4 h6 15. e5 Ne8 16. h4 Nc7 17. h5 Qa8 18. cxd5 cxd5 19. Rc2 Ba6 20. Qe3 Nb5 21.
Rdc1 Nxc3 22. Rxc3 Rxc3 23. Rxc3 Rc8 24. g4 Rxc3 25.
Bxc3 Qc8 26. Bf1 Bxf1 27. Kxf1 b5 28. Qd2 Nb8 29. Kg2 Nc6 30. g5 hxg5 31. Nxg5 Bxg5 32. Qxg5 Qd8 33. Qg4 Ne7 34. Bd2 Nf5 35. h6 g6 36.
Bg5 Qb6 37. h7+ Kxh7 38. Qh3+ Kg8 39. Bf6 1-0

[Event "*** SCC Grand Prix: Titled Tuesday Blitz"]
[Site "Chess.com"]
[Date "2020.06.02"]
[Round "10"]
[White "neurisdr"]
[Black "aleksa74"]
[Result "1-0"]
[WhiteElo "2782"]
[BlackElo "2676"]
[TimeControl "180+1"]
[EndTime "11:56:47 PDT"]
[Termination "neurisdr won by resignation"]

1. e4 c5 2. Nf3 d6 3. d4 cxd4 4.
Nxd4 Nf6 5. Nc3 Bd7 6. Nb3 Bc6 7. f3 e5 8. Be3 Be7 9. Qd2 d5 10. exd5 Nxd5 11. Nxd5 Qxd5 12. Qxd5 Bxd5 13. O-O-O Be6 14. Nc5 Bxc5 15. Bxc5 Nd7 16. Bd6 O-O-O 17. Rd3 Nb8 18. Bxe5 f6 19. Bc3 Nc6 20. Be2 Rhe8 21. Rxd8+ Nxd8 22. Bd3 h6 23. Re1 Re7 24. Bb4 Rd7 25. h4 Kc7 26. h5 b6 27. a3 a5 28. Bd2 Bf7 29. Bf4+ Kb7 30. Bf5 1-0

[Event "*** SCC Grand Prix: Titled Tuesday Blitz"]
[Site "Chess.com"]
[Date "2020.06.02"]
[Round "10"]
[White "BIG_Pirate"]
[Black "CMS13"]
[Result "1-0"]
[WhiteElo "2361"]
[BlackElo "2230"]
[TimeControl "180+1"]
[EndTime "11:56:48 PDT"]
[Termination "BIG_Pirate won by resignation"]

1. Nf3 d5 2. c4 e6 3. g3 Nf6 4. Bg2 Nc6 5. O-O dxc4 6. Na3 Be7 7. Nxc4 O-O 8. a3 a6 9. b4 b5 10. Nfe5 Nxe5 11. Nxe5 Qd4 12. Nc6 Qxa1 13. Nxe7+ Kh8 14.
Bxa8 Bd7 15. Bg2 Qe5 16. Nc6 Qd6 17. Na5 Nd5 18. Bb2 e5 19. d3 Be6 20. Nb3 f6 21. Qc2 h5 22. Nc5 Bg8 23. Ne4 Qd8 24. h4 f5 25. Ng5 f4 26. Bxe5 fxg3 27. Bxg3 Nf6 28. Qxc7 Qe8 29. Qe5 Qg6 30. Be4 Qh6 31. Qf5 Nxe4 32. Qxf8 Nf6 33. Nf7+ 1-0

[Event "*** SCC Grand Prix: Titled Tuesday Blitz"]
[Site "Chess.com"]
[Date "2020.06.02"]
[Round "10"]
[White "bugbug01052018"]
[Black "Manukyan_Artak"]
[Result "1-0"]
[WhiteElo "2231"]
[BlackElo "2334"]
[TimeControl "180+1"]
[EndTime "11:56:50 PDT"]
[Termination "bugbug01052018 won by resignation"]

1. e4 c6 2. Nf3 d5 3. Nc3 Bg4 4. h3 Bxf3 5. Qxf3 Nf6 6. exd5 cxd5 7. Bb5+ Nc6 8. O-O e6 9. Re1 Be7 10. d4 O-O 11. Bxc6 bxc6 12. Bf4 a5 13. a3 Qb6 14.
Be5 Qxb2 15. Rab1 Qxc2 16. Rec1 Qf5 17. Qxf5 exf5 18. Na4 Bxa3 19. Rxc6 Bb4 20. Bxf6 gxf6 21. Rxf6 Rac8 22. Rxf5 Rfd8 23. Nb6 Rc2 24. Nxd5 Bd2 25. Nf6+ Kg7 26. Nh5+ Kg6 27. g4 Rd6 28. Rb8 f6 29. Rg8+ Kf7 30. Rg7+ Ke6 31. Rxh7 Rxd4 32. Rxf6+ Kd5 33. Rd7+ Ke4 34. Ng3+ Ke5 35. Rf5+ Ke6 36. Rxd4 1-0

[Event "*** SCC Grand Prix: Titled Tuesday Blitz"]
[Site "Chess.com"]
[Date "2020.06.02"]
[Round "10"]
[White "Mazetovic"]
[Black "Lestofante90"]
[Result "1-0"]
[WhiteElo "2684"]
[BlackElo "2808"]
[TimeControl "180+1"]
[EndTime "11:56:51 PDT"]
[Termination "Mazetovic won by checkmate"]

1. e4 e5 2. Nf3 Nc6 3. Bb5 a6 4. Ba4 Nf6 5. Nc3 b5 6. Bb3 Bc5 7. a4 Rb8 8. axb5 axb5 9. d3 h6 10. Nd5 d6 11. c3 O-O 12. O-O Nxd5 13. exd5 Ne7 14. d4 exd4 15. Nxd4 Bd7 16. Re1 Nf5 17. Nxf5 Bxf5 18. Qf3 Qd7 19. Be3 Rfe8 20. Qg3 Bxe3 21. Rxe3 Rxe3 22. Qxe3 Re8 23. Qd4 Re2 24. c4 Be4 25. f3 Rxg2+ 26. Kxg2 Qg4+ 27. Kf1 Qxf3+ 28. Ke1 Qh1+ 29. Kd2 Qxa1 30. Qxe4 Qxb2+ 31. Bc2 b4 32. Qe8# 1-0

[Event "*** SCC Grand Prix: Titled Tuesday Blitz"]
[Site "Chess.com"]
[Date "2020.06.02"]
[Round "10"]
[White "Kavyev_Ruslan"]
[Black "Djager97"]
[Result "0-1"]
[WhiteElo "2524"]
[BlackElo "2399"]
[TimeControl "180+1"]
[EndTime "11:56:51 PDT"]
[Termination "Djager97 won by resignation"]

1. d4 d5 2. c4 e6 3. g3 c6 4. Bg2 dxc4 5. Nf3 b5 6. Ne5 Bb7 7. b3 cxb3 8. axb3 Nf6 9. Nc3 a6 10. O-O Be7 11. Bb2 Nbd7 12. Qc2 O-O 13. Rfc1 Qb6 14.
Nxd7 Nxd7 15. Ne4 Rac8 16. Nc5 Nxc5 17. dxc5 Qc7 18. Be4 f5 19. Bg2 a5 20. Rd1 Rcd8 21.
e4 b4 22. Qc4 Bc8 23. exf5 Rxf5 24. Bh3 Rfd5 25. Re1 Kh8 26. Bxe6 Bxe6 27. Rxe6 Bxc5 28. Rae1 Qf7 29. Qg4 Bxf2+ 30. Kg2 Bxe1 31. Rxe1 Rd2+ 32. Re2 Rxe2+ 33. Qxe2 Qd5+ 34. Kh3 Qf5+ 35. Kg2 Qd5+ 36. Kh3 Qxb3 37. Bxg7+ Kxg7 38. Qe7+ Kg6 39. Qxd8 Qe6+ 40. Kg2 Qd5+ 0-1

[Event "*** SCC Grand Prix: Titled Tuesday Blitz"]
[Site "Chess.com"]
[Date "2020.06.02"]
[Round "10"]
[White "Boudicca64"]
[Black "damayito"]
[Result "1-0"]
[WhiteElo "1974"]
[BlackElo "1648"]
[TimeControl "180+1"]
[EndTime "11:56:51 PDT"]
[Termination "Boudicca64 won by resignation"]

1. e4 e6 2. d4 d5 3. exd5 exd5 4.
Nf3 Nf6 5. c4 Bd6 6. Bg5 Be6 7.
cxd5 Bxd5 8. Nc3 Bc6 9. d5 Bd7 10. Bd3 O-O 11. O-O h6 12. Bh4 Bg4 13. h3 Bh5 14. g4 Bg6 15. Bxg6 fxg6 16. Nd4 g5 17. Ne6 Qc8 18. Nxf8 Kxf8 19. Bg3 Bxg3 20. fxg3 Na6 21. Ne4 Qd8 22. Qd4 Kg8 23. Nxf6+ gxf6 24. Rxf6 Qe7 25.
Rg6+ Kh7 26. Re6 Qc5 27. Qxc5 Nxc5 28. Re7+ Kg6 29. Rxc7 b6 30. Rd1 Ne4 31. d6 a5 32.
d7 Rd8 33. Rc8 1-0

[Event "*** SCC Grand Prix: Titled Tuesday Blitz"]
[Site "Chess.com"]
[Date "2020.06.02"]
[Round "10"]
[White "amiralfio"]
[Black "lucachess49"]
[Result "1-0"]
[WhiteElo "2373"]
[BlackElo "2220"]
[TimeControl "180+1"]
[EndTime "11:56:53 PDT"]
[Termination "amiralfio won by checkmate"]

1. Nf3 Nf6 2. c4 e6 3. Nc3 d5 4.
d4 a6 5. cxd5 exd5 6. Bg5 Be6 7.
e3 Nbd7 8. Bd3 Bd6 9. O-O O-O 10. Rc1 h6 11. Bf4 Qe7 12. Re1 c6 13. Qd2 Bg4 14.
Be2 Bxf4 15. exf4 Bxf3 16. Bxf3 Qd6 17. g3 b5 18. Kg2 Nb6 19. b3 a5 20. Re5 a4 21. Rce1 axb3 22. axb3 Qb4 23. g4 Qxb3 24. g5 Nc4 25. Qd3 Nxe5 26. fxe5 Ne4 27. Bxe4 dxe4 28. Rxe4 Ra3 29. Re3 Qc4 30. Qd2 hxg5 31.
Ne4 Ra2 32. Qd1 f5 33. exf6 gxf6 34. Qh5 Qf7 35. Qh6 Qg7 36. Qh5 f5 37. Nxg5 f4 38. Re6 f3+ 39. Kg3 Qc7+ 40. Kh3 Rf7 41. Re8+ Kg7 42.
Ne6+ Kf6 43. Qg5# 1-0

[Event "*** SCC Grand Prix: Titled Tuesday Blitz"]
[Site "Chess.com"]
[Date "2020.06.02"]
[Round "10"]
[White "ARTHURMOTIVATOR"]
[Black "InitiatingASC"]
[Result "0-1"]
[WhiteElo "2225"]
[BlackElo "2403"]
[TimeControl "180+1"]
[EndTime "11:56:54 PDT"]
[Termination "InitiatingASC won by resignation"]

1. e4 c5 2. b3 Nf6 3. e5 Nd5 4. Nf3 g6 5. Nc3 Nc7 6. h4 d6 7. h5 Bg7 8. Bd3 dxe5 9. Qe2 Nc6 10. Ne4 Bg4 11. Bc4 Nd4 12. Bxf7+ Kf8 13. Qc4 Nxf3+ 14.
gxf3 Bxf3 15. h6 Bxh1 16. hxg7+ Kxg7 17. Ng5 Qd4 18. Bb2 Qxb2 19. Bg8 Qxa1+ 20. Ke2 Raxg8 21. Qf7+ Kh6 22. Ne4 Bxe4 0-1

[Event "*** SCC Grand Prix: Titled Tuesday Blitz"]
[Site "Chess.com"]
[Date "2020.06.02"]
[Round "10"]
[White "tteshan"]
[Black "HunterBRR"]
[Result "1-0"]
[WhiteElo "2234"]
[BlackElo "2029"]
[TimeControl "180+1"]
[EndTime "11:56:55 PDT"]
[Termination "tteshan won by resignation"]

1. d4 Nf6 2. c4 g6 3. Nc3 Bg7 4. e4 d6 5. Be2 O-O 6. Bg5 c5 7. d5 e6 8. Qd2 exd5 9. exd5 Re8 10. h3 Nbd7 11. Nf3 Ne5 12. Nxe5 dxe5 13. O-O a6 14.
Rfe1 Bd7 15. Rad1 b5 16. cxb5 axb5 17. Bxb5 Bxb5 18. Nxb5 Qb6 19. Qe2 Rxa2 20. d6 h6 21. Be3 Nd7 22. Ra1 Rxa1 23. Rxa1 Rb8 24. Ra7 Nf6 25. Qc4 Qxb5 26. Qxf7+ 1-0

[Event "*** SCC Grand Prix: Titled Tuesday Blitz"]
[Site "Chess.com"]
[Date "2020.06.02"]
[Round "10"]
[White "Ba_clbaf_osed_ingo_3v21"]
[Black "jocmil"]
[Result "1/2-1/2"]
[WhiteElo "2636"]
[BlackElo "2492"]
[TimeControl "180+1"]
[EndTime "11:56:57 PDT"]
[Termination "Game drawn by repetition"]

1. Nf3 Nf6 2. c4 g6 3. Nc3 Bg7 4. e4 d6 5. d4 O-O 6. Be2 e5 7. O-O Nc6 8. d5 Ne7 9. Ne1 Ne8 10. Nd3 f5 11. Bd2 Nf6 12. f3 f4 13. c5 g5 14.
Rc1 h5 15. cxd6 cxd6 16. Nb5 Ne8 17. Qc2 Bd7 18. Nf2 a6 19. Na3 b5 20. Qc3 Ng6 21.
Qa5 Qb8 22. Nc2 Bf6 23. Nb4 Bd8 24. Qa3 Bb6 25. Nc6 Qb7 26. Ba5 Be3 27. Rc3 g4 28. Rxe3 fxe3 29. Qxe3 Nf4 30. fxg4 Nxe2+ 31. Qxe2 hxg4 32.
Ne7+ Kf7 33. Nc6 Kg8 34. Nd8 Qc8 35. Nc6 Qb7 1/2-1/2

[Event "*** SCC Grand Prix: Titled Tuesday Blitz"]
[Site "Chess.com"]
[Date "2020.06.02"]
[Round "10"]
[White "1f3_2g41-0"]
[Black "m-garcett"]
[Result "1-0"]
[WhiteElo "2234"]
[BlackElo "2061"]
[TimeControl "180+1"]
[EndTime "11:56:57 PDT"]
[Termination "1f3_2g41-0 won by resignation"]

1. e4 c5 2. Nf3 d6 3. d4 cxd4 4. Nxd4 Nf6 5. Nc3 a6 6. h3 e5 7. Nde2 h5 8. g3 b5 9. Bg2 Nbd7 10. Be3 Be7 11. O-O Qc7 12. a4 b4 13. Na2 a5 14. c3 bxc3 15. Naxc3 Ba6 16. Rc1 Qb7 17. Qd2 O-O 18. Rfd1 Nc5 19. Bxc5 dxc5 20. Nd5 Nxd5 21. exd5 Bd6 22. Nc3 Rab8 23. Ne4 Rfd8 24. Qxa5 Be2 25. Rd2 Ba6 26. Nxd6 Rxd6 27. Rxc5 Rbd8 28. Rc6 g6 29. b4 Qa8 30. b5 Bb7 31. Qxa8 Bxa8 32. Rxd6 Rxd6 33. Rc2 Kf8 34. Rc8+ 1-0

[Event "*** SCC Grand Prix: Titled Tuesday Blitz"]
[Site "Chess.com"]
[Date "2020.06.02"]
[Round "10"]
[White "MirMan90"]
[Black "aNaartjieZA"]
[Result "1-0"]
[WhiteElo "2721"]
[BlackElo "2580"]
[TimeControl "180+1"]
[EndTime "11:56:58 PDT"]
[Termination "MirMan90 won by checkmate"]

1. d4 Nf6 2. c4 c5 3. d5 e5 4.
Nc3 d6 5. e4 Be7 6. Bd3 Nbd7 7.
Nf3 Nf8 8. h3 Ng6 9. O-O Nh5 10.
a3 Nhf4 11. Bc2 h5 12. b4 b6 13. Ba4+ Kf8 14. bxc5 bxc5 15. Rb1 Rh6 16. Kh2 Rh8 17.
Bc6 Bd7 18. Bxa8 Qxa8 19. Ne2 Bf6 20. Nxf4 exf4 21. Qb3 Ke7 22. Qb7 Qxb7 23. Rxb7 Ra8 24. Bb2 Bxb2 25. Rxb2 Bc8 26. Rfb1 Kd8 27. Rb8 Rxb8 28.
Rxb8 Kc7 29. Rb3 Ba6 30. Rc3 Bc8 31. Kg1 f6 32. Kf1 Nf8 33. Ne1 Nd7 34. Nd3 g5 35. h4 Nb6 36. hxg5 fxg5 37. e5 Ba6 38. exd6+ Kxd6 39. Nb2 Ke5 40. Ke2 Nc8 41. Kd3 Nd6 42. Rc1 Kf5 43.
Re1 h4 44. Re6 f3 45. gxf3 Nf7 46.
Nd1 Ne5+ 47. Kc3 h3 48. Ne3+ Kf4 49. Rf6# 1-0